Match 42352563
Unlisted

Match 42352563
End
Pioneer Squad
Construct Infanterie Kompanie
Pioneer Squad
MG 42 Machine Gun Team
Pioneer Squad
Pioneer Squad
MG 42 Machine Gun Team
Construct Luftwaffe Kompanie
221 Scout Car
Jäger Squad
Support Elements
Medical Bunker
Jäger Squad
Wirbelwind Flakpanzer
Selects Mechanized Battlegroup
Selects Raid Package
Selects StuG Assault Group
Thien
Monsieur Nathan
0
0

Comments sign in to comment!

No comments posted yet!